SAAA
BLOOMINGTON LONGNECKS @ VERMONT LAKE MONSTERS
06/05/2024
 
TOP OF THE 1ST
Bloomington Longnecks batting - Pitching for Vermont Lake Monsters : RHP Rafael Rodríguez
Pitching: RHP Rafael Rodríguez
Batting: RHB Sergio Cortéz 0-0: Foul Ball, location: 2F
0-1: Foul Ball, location: 2F
0-2: Strikes out looking
Batting: RHB Ethan Miller 0-0: Called Strike
0-1: Swinging Strike
0-2: Ball
1-2: Ball
2-2: SINGLE (Line Drive, 56)
Batting: RHB Darrell Terwey 0-0: Called Strike
0-1: Ball
1-1: Ball
2-1: Called Strike
2-2: Foul Ball, location: 2F
2-2: Reached on error, E5 (Groundball, 5)
Ethan Miller to second
Batting: RHB Kyle Bridges 0-0: Foul Ball, location: 2F
0-1: Ball
1-1: SINGLE (Groundball, 56D)
Ethan Miller to third
Darrell Terwey to second
Runner from 3rd tries for Home, SAFE, throw made home
Batting: LHB Fernando González 0-0: Foul Ball, location: 2F
0-1: Foul Ball, location: 2F
0-2: Ball
1-2: Strikes out swinging
Batting: LHB Juan Hernández 0-0: Swinging Strike
0-1: Ball
1-1: Ball
2-1: Ball
3-1: Fly out, F7 (Flyball, 7LSF)
Top of the 1st over - 1 run(s), 2 hit(s), 1 error(s), 2 left on base; Bloomington 1 - Vermont 0
BOTTOM OF THE 1ST
Vermont Lake Monsters batting - Pitching for Bloomington Longnecks : RHP Jim Unknown
Pitching: RHP Jim Unknown
Batting: RHB Fernando Castro 0-0: Swinging Strike
0-1: Ball
1-1: Ball
2-1: Ball
3-1: Called Strike
3-2: Ground out 6-3 (Groundball, 6)
Batting: RHB Ray John 0-0: Fly out, F7 (Flyball, 78D)
Batting: SHB Arturo Robles 0-0: Ball
1-0: Ball
2-0: Fly out, F9 (Flyball, 89M)
Bottom of the 1st over - 0 run(s), 0 hit(s), 0 error(s), 0 left on base; Bloomington 1 - Vermont 0
TOP OF THE 2ND
Bloomington Longnecks batting - Pitching for Vermont Lake Monsters : RHP Rafael Rodríguez
Batting: RHB Steve Ladner 0-0: Ball
1-0: Foul Ball, location: 2F
1-1: Ball
2-1: Ball
3-1: Called Strike
3-2: Base on Balls
Batting: RHB Michael Hicks 0-0: Called Strike
0-1: Ball
1-1: Ball
2-1: Fly out, F7 (Flyball, 7LD)
Runner from 1st tags up, SAFE at 2nd
Batting: RHB Tom Potts 0-0: Ball
Steve Ladner steals 3rd base
1-0: Foul Ball, location: 2F
1-1: SINGLE (Groundball, 6M)
Steve Ladner scores
Batting: RHB Sergio Cortéz 0-0: Called Strike
0-1: Foul Ball, location: 2F
0-2: Ball
1-2: Foul Ball, location: 2F
1-2: SINGLE (Groundball, 5D)
Tom Potts to second
Batting: RHB Ethan Miller 0-0: Ball
1-0: Fly out, F8 (Flyball, 8LM)
Batting: RHB Darrell Terwey 0-0: Called Strike
0-1: Called Strike
0-2: Fielders Choice at 2nd, U6 (Groundball, 6M)
Top of the 2nd over - 1 run(s), 2 hit(s), 0 error(s), 2 left on base; Bloomington 2 - Vermont 0
BOTTOM OF THE 2ND
Vermont Lake Monsters batting - Pitching for Bloomington Longnecks : RHP Jim Unknown
Batting: RHB Sean MacKnight 0-0: Called Strike
0-1: Called Strike
0-2: Strikes out swinging
Batting: RHB Floyd Mitchell 0-0: Ball
1-0: Foul Ball, location: 2F
1-1: Fly out, F9 (Flyball, 89D)
Batting: LHB Manny Valentín 0-0: Ball
1-0: Fly out, F7 (Flyball, 7LM)
Bottom of the 2nd over - 0 run(s), 0 hit(s), 0 error(s), 0 left on base; Bloomington 2 - Vermont 0
TOP OF THE 3RD
Bloomington Longnecks batting - Pitching for Vermont Lake Monsters : RHP Rafael Rodríguez
Batting: RHB Kyle Bridges 0-0: Called Strike
0-1: Ball
1-1: Foul Ball, location: 2F
1-2: Ball
2-2: Strikes out looking
Batting: LHB Fernando González 0-0: Ball
1-0: Ball
2-0: Ball
3-0: Base on Balls
Batting: LHB Juan Hernández 0-0: Swinging Strike
0-1: Ball
1-1: Ball
2-1: Foul Ball, location: 2F
2-2: Foul Ball, location: 2F
2-2: SINGLE (Groundball, 6MD)
Fernando González to second
Batting: RHB Steve Ladner 0-0: Called Strike
0-1: Fly out, F6 (Popup, 4MD)
Batting: RHB Michael Hicks 0-0: Ball
1-0: Fly out, F6 (Line Drive, 6)
Top of the 3rd over - 0 run(s), 1 hit(s), 0 error(s), 2 left on base; Bloomington 2 - Vermont 0
BOTTOM OF THE 3RD
Vermont Lake Monsters batting - Pitching for Bloomington Longnecks : RHP Jim Unknown
Batting: RHB Raúl Valadez 0-0: Ball
1-0: Swinging Strike
1-1: Swinging Strike
1-2: Ball
2-2: Strikes out swinging
Batting: LHB Mike Blue 0-0: Called Strike
0-1: Ball
1-1: Foul Ball, location: 2F
1-2: Foul Ball, location: 2F
1-2: Ball
2-2: Foul Ball, location: 2F
2-2: SINGLE (Groundball, 6MD)
Batting: RHB Bronson Nicholls 0-0: Called Strike
0-1: Ball
1-1: Ball
2-1: Swinging Strike
2-2: Strikes out swinging
Batting: RHB Fernando Castro 0-0: Ball
1-0: Ball
2-0: Called Strike
2-1: Foul Ball, location: 2F
2-2: DOUBLE (Flyball, 89M)
Mike Blue to third
Runner from 3rd tries for Home, SAFE, no throw or cutoff
Batting: RHB Ray John 0-0: Fly out, F7 (Flyball, 7S)
Bottom of the 3rd over - 1 run(s), 2 hit(s), 0 error(s), 1 left on base; Bloomington 2 - Vermont 1
TOP OF THE 4TH
Bloomington Longnecks batting - Pitching for Vermont Lake Monsters : RHP Rafael Rodríguez
Batting: RHB Tom Potts 0-0: Ball
1-0: DOUBLE (Groundball, 5L)
Batting: RHB Sergio Cortéz 0-0: Ball
1-0: Ball
2-0: Ground out 6-3 (Groundball, 6)
Tom Potts to third
Batting: RHB Ethan Miller 0-0: Called Strike
0-1: Ball
1-1: Called Strike
1-2: Ground out 6-3 (Groundball, 6)
Tom Potts scores
Batting: RHB Darrell Terwey 0-0: Ball
1-0: Ball
2-0: Ball
3-0: Base on Balls
Batting: RHB Kyle Bridges 0-0: Ball
1-0: Fielders Choice at 2nd, U6 (Groundball, 6MD)
Top of the 4th over - 1 run(s), 1 hit(s), 0 error(s), 1 left on base; Bloomington 3 - Vermont 1
BOTTOM OF THE 4TH
Vermont Lake Monsters batting - Pitching for Bloomington Longnecks : RHP Jim Unknown
Batting: SHB Arturo Robles 0-0: Called Strike
0-1: Ball
1-1: Ball
2-1: Fly out, F7 (Flyball, 78M)
Batting: RHB Sean MacKnight 0-0: Called Strike
0-1: Foul Ball, location: 2F
0-2: Fly out, F7 (Flyball, 78D)
Batting: RHB Floyd Mitchell 0-0: Swinging Strike
0-1: Called Strike
0-2: Ball
1-2: Reached on error, E5 (Groundball, 5)
Batting: LHB Manny Valentín 0-0: Ball
1-0: Ball
2-0: Foul Ball, location: 2F
2-1: Foul Ball, location: 2F
2-2: Foul Ball, location: 2F
2-2: Ball
3-2: Fly out, F9 (Flyball, 89D)
Bottom of the 4th over - 0 run(s), 0 hit(s), 1 error(s), 1 left on base; Bloomington 3 - Vermont 1
TOP OF THE 5TH
Bloomington Longnecks batting - Pitching for Vermont Lake Monsters : RHP Rafael Rodríguez
Batting: LHB Fernando González 0-0: Foul Ball, location: 2F
0-1: Fly out, F7 (Flyball, 7D)
Batting: LHB Juan Hernández 0-0: Foul Ball, location: 2F
0-1: Ball
1-1: Foul Ball, location: 2F
1-2: Fly out, F9 (Flyball, 9LM)
Batting: RHB Steve Ladner 0-0: Ball
1-0: Called Strike
1-1: Swinging Strike
1-2: Ball
2-2: Ground out 1-3 (Groundball, 15S)
Top of the 5th over - 0 run(s), 0 hit(s), 0 error(s), 0 left on base; Bloomington 3 - Vermont 1
BOTTOM OF THE 5TH
Vermont Lake Monsters batting - Pitching for Bloomington Longnecks : RHP Jim Unknown
Batting: RHB Raúl Valadez 0-0: Called Strike
0-1: Ground out 6-3 (Groundball, 6)
Batting: LHB Mike Blue 0-0: Called Strike
0-1: Ball
1-1: SINGLE (Groundball, 56D)
Batting: RHB Bronson Nicholls 0-0: Ball
1-0: Ball
2-0: Fly out, F4 (Line Drive, 4)
Batting: RHB Fernando Castro 0-0: Called Strike
0-1: Called Strike
0-2: Ball
1-2: Foul Ball, location: 2F
1-2: Ball
2-2: Ball
3-2: SINGLE (Line Drive, 7S)
Mike Blue to second
Mike Blue to third
Batting: RHB Ray John 0-0: Called Strike
0-1: Ball
1-1: Ball
2-1: Ball
3-1: Ground out 5-3 (Groundball, 5)
Bottom of the 5th over - 0 run(s), 2 hit(s), 0 error(s), 2 left on base; Bloomington 3 - Vermont 1
TOP OF THE 6TH
Bloomington Longnecks batting - Pitching for Vermont Lake Monsters : RHP Rafael Rodríguez
Batting: RHB Michael Hicks 0-0: Ground out 6-3 (Groundball, 6)
Batting: RHB Tom Potts 0-0: Called Strike
0-1: Ball
1-1: Ball
2-1: Ball
3-1: Ground out 6-3 (Groundball, 6M)
Batting: RHB Sergio Cortéz 0-0: Ball
1-0: Called Strike
1-1: Fly out, F7 (Line Drive, 7M)
Top of the 6th over - 0 run(s), 0 hit(s), 0 error(s), 0 left on base; Bloomington 3 - Vermont 1
BOTTOM OF THE 6TH
Vermont Lake Monsters batting - Pitching for Bloomington Longnecks : RHP Jim Unknown
Batting: SHB Arturo Robles 0-0: Called Strike
0-1: Ball
1-1: Foul Ball, location: 2F
1-2: Ground out 2-3 (Groundball, 2L)
Batting: RHB Sean MacKnight 0-0: Swinging Strike
0-1: Ball
1-1: Called Strike
1-2: Fly out, F7 (Flyball, 7S)
Batting: RHB Floyd Mitchell 0-0: Called Strike
0-1: Ball
1-1: Fly out, F8 (Flyball, 8RM)
Bottom of the 6th over - 0 run(s), 0 hit(s), 0 error(s), 0 left on base; Bloomington 3 - Vermont 1
TOP OF THE 7TH
Bloomington Longnecks batting - Pitching for Vermont Lake Monsters : RHP Rafael Rodríguez
Batting: RHB Ethan Miller 0-0: Fly out, F8 (Flyball, 8LM)
Batting: RHB Darrell Terwey 0-0: Ball
1-0: Foul Ball, location: 2F
1-1: Ground out 1-3 (Groundball, 13)
Batting: RHB Kyle Bridges 0-0: Foul Ball, location: 2F
0-1: Ball
1-1: Ball
2-1: Ball
3-1: Called Strike
3-2: Fly out, F8 (Flyball, 8LD)
Top of the 7th over - 0 run(s), 0 hit(s), 0 error(s), 0 left on base; Bloomington 3 - Vermont 1
BOTTOM OF THE 7TH
Vermont Lake Monsters batting - Pitching for Bloomington Longnecks : RHP Jim Unknown
Batting: LHB Manny Valentín 0-0: Ground out 6-3 (Groundball, 6)
Batting: RHB Raúl Valadez 0-0: Swinging Strike
0-1: TRIPLE (Groundball, 5L)
Batting: LHB Mike Blue 0-0: Called Strike
0-1: Ball
1-1: Swinging Strike
1-2: Strikes out swinging
Pitching: RHP Jim Unknown
Batting: RHB Bronson Nicholls 0-0: SINGLE (Groundball, 6MD)
Raúl Valadez scores
Pinch Hitting: RHB Jim Unknown 0-0: Ball
1-0: Ground out 4-3 (Groundball, 4)
Bottom of the 7th over - 1 run(s), 2 hit(s), 0 error(s), 1 left on base; Bloomington 3 - Vermont 2
TOP OF THE 8TH
Bloomington Longnecks batting - Pitching for Vermont Lake Monsters : RHP Rafael Rodríguez
Pitching: RHP Jessie Holley
Now at 2B: José Bocanegra
Batting: LHB Fernando González 0-0: Called Strike
0-1: Foul Ball, location: 2F
0-2: Ball
1-2: Ground out 6-3 (Groundball, 6)
Batting: LHB Juan Hernández 0-0: Ball
1-0: Foul Ball, location: 2F
1-1: Swinging Strike
1-2: Strikes out swinging
Batting: RHB Steve Ladner 0-0: Called Strike
0-1: Foul Ball, location: 2F
0-2: Strikes out swinging
Top of the 8th over - 0 run(s), 0 hit(s), 0 error(s), 0 left on base; Bloomington 3 - Vermont 2
BOTTOM OF THE 8TH
Vermont Lake Monsters batting - Pitching for Bloomington Longnecks : RHP Jim Unknown
Pitching: RHP Jim Unknown
Batting: RHB Ray John 0-0: Foul Ball, location: 2F
0-1: Foul Ball, location: 2F
0-2: Ball
1-2: Strikes out looking
Batting: SHB Arturo Robles 0-0: Ball
1-0: Ball
2-0: Ball
3-0: Base on Balls
Batting: RHB Sean MacKnight 0-0: Ball
1-0: Ball
2-0: Called Strike
2-1: Fly out, F9 (Flyball, 89M)
Batting: RHB Floyd Mitchell 0-0: SINGLE (Flyball, 8LS)
Arturo Robles to second
Runner from 2nd tries for 3rd, SAFE, no throw or cutoff
Batting: LHB Manny Valentín 0-0: Ball
1-0: Ball
2-0: Called Strike
2-1: Called Strike
2-2: Fly out, F8 (Flyball, 8LXD)
Bottom of the 8th over - 0 run(s), 1 hit(s), 0 error(s), 2 left on base; Bloomington 3 - Vermont 2
TOP OF THE 9TH
Bloomington Longnecks batting - Pitching for Vermont Lake Monsters : RHP Jessie Holley
Batting: RHB Michael Hicks 0-0: Foul Ball, location: 2F
0-1: Ground out 6-3 (Groundball, 6M)
Batting: RHB Tom Potts 0-0: Foul Ball, location: 2F
0-1: Foul Ball, location: 2F
0-2: Ball
1-2: Ball
2-2: DOUBLE (Line Drive, 7LM)
Pinch Hitting: LHB Ray Anderson 0-0: Ball
1-0: Ball
2-0: Ball
3-0: Base on Balls
Batting: RHB Ethan Miller 0-0: Foul Ball, location: 2F
0-1: Grounds into double play, 6-4-3 (Groundball, 56)
Top of the 9th over - 0 run(s), 1 hit(s), 0 error(s), 1 left on base; Bloomington 3 - Vermont 2
BOTTOM OF THE 9TH
Vermont Lake Monsters batting - Pitching for Bloomington Longnecks : RHP Jim Unknown
Pitching: LHP Jim Unknown
Now in LF: Ray Anderson
Batting: RHB Raúl Valadez 0-0: Swinging Strike
0-1: Foul Ball, location: 2F
0-2: Ball
1-2: Ball
2-2: Ball
3-2: Base on Balls
Pinch Hitting: RHB Chuck Wolf 0-0: Sac Bunt - play at first, batter OUT! 1-4
Raúl Valadez to second
Batting: RHB Bronson Nicholls 0-0: Foul Ball, location: 2F
0-1: Ground out 6-3 (Groundball, 6)
Pinch Hitting: LHB Reijiro Sato 0-0: Ball
1-0: Swinging Strike
1-1: Ball
2-1: Foul Ball, location: 2F
2-2: Foul Ball, location: 2F
2-2: Foul Ball, location: 2F
2-2: Foul Ball, location: 2F
2-2: Strikes out swinging
Bottom of the 9th over - 0 run(s), 0 hit(s), 0 error(s), 1 left on base; Bloomington 3 - Vermont 2
This league is powered by Out of the Park Baseball, the baseball management simulation game for PC, Mac and Linux
Monday, October 3rd, 2016 - OOTP Baseball 16.9 Build 39